 Dungeon Crawl Stone Soup version 0.17-a0-1115-g0372368 (webtiles) character file.

2122 ololoev the Basher (level 9, -1/61 HPs)
             Began as a Formicid Skald on May 22, 2015.
             Was a Believer of Yredelemnul.
             Slain by Menkaure (2 damage)
             ... on level 6 of the Dungeon.
             The game lasted 00:23:18 (7605 turns).

ololoev the Basher (Formicid Skald)                 Turns: 7605, Time: 00:23:18

Health: -1/61      AC: 15    Str: 21    XL:     9   Next: 54%
Magic:  12/12      EV:  7    Int: 16    God:    Yredelemnul [**....]
Gold:   383        SH:  5    Dex: 10    Spells: 4 memorised, 5 levels left

rFire  . . .     SeeInvis +     a - +0 flail
rCold  . . .     Clarity  .     u - +0 plate armour
rNeg   . . .     SustAt   .     t - +0 buckler
rPois  .         Gourm    .     (helmet unavailable)
rElec  .         Spirit   .     v - +0 cloak
rCorr  .         Warding  .     (no gloves)
rMut   .         Stasis   +     o - +0 pair of boots
MR     .....                    (no amulet)
Stlth  ..........               p - +5 ring of intelligence
                                r - +1 ring of evasion

@: not resistant to hostile enchantments, extremely unstealthy
A: permanent stasis, dig shafts and tunnels, four strong arms, antennae 3
a: Dig, Shaft Self, Animate Remains, Recall Undead Slaves, Injury Mirror,
Renounce Religion


Innate Abilities, Weirdness & Mutations

You are under a permanent stasis effect.
You can dig through walls and to a lower floor.
Your four strong arms can wield two-handed weapons with a shield.
You have a pair of large antennae on your head (SInv).

Inventory:

Hand weapons
 a - a +0 flail (weapon)
 b - a +0 blowgun
 C - a +2 whip of flaming
Missiles
 y - 26 poisoned needles
Armour
 o - a +0 pair of boots (worn)
 t - a +0 buckler (worn)
 u - a +0 plate armour (worn)
 v - a +0 cloak (worn)
Jewellery
 p - a +5 ring of intelligence (right hand)
 r - a +1 ring of evasion (left hand)
Scrolls
 e - 5 scrolls of remove curse
 f - 2 scrolls of enchant weapon
 g - 2 scrolls of amnesia
 i - 3 scrolls of fear
 k - a scroll of random uselessness {unknown}
 n - 2 scrolls of recharging
 s - 3 scrolls of fog
 w - a scroll of immolation {unknown}
 z - a scroll of blinking {unknown}
 D - a scroll of noise {unknown}
Potions
 h - a potion of heal wounds {unknown}
 j - a potion of ambrosia {unknown}
 l - 4 potions of curing
 m - 2 potions of agility {unknown}
 q - 2 potions of flight
 x - a potion of mutation {unknown}
 A - a potion of resistance {unknown}
 B - 2 potions of magic
Books
 c - a book of Battle

   Spells                             Type                      Level
   a - Infusion                       Charms                       1
   b - Shroud of Golubria             Charms/Translocation         2
   c - Song of Slaying                Charms                       2
   d - Spectral Weapon                Hexes/Charms                 3
   e - Regeneration                   Charms/Necromancy            3
Comestibles
 d - 5 bread rations
 E - 3 fruits


   Skills:
 - Level 2.1 Fighting
 * Level 8.6 Maces & Flails
 + Level 6.3 Armour
 - Level 0.8 Dodging
 + Level 5.1 Shields
 - Level 2.1 Spellcasting
 - Level 3.0 Charms
 + Level 5.1 Invocations


You had 5 spell levels left.
You knew the following spells:

 Your Spells              Type           Power        Failure   Level  Hunger
a - Infusion              Chrm           ##....       94%         1    #......
b - Song of Slaying       Chrm           ##......     99%         2    ###....
c - Apportation           Tloc           #.........   100%        1    #......
d - Spectral Weapon       Hex/Chrm       #.......     100%        3    ###....


You were on level 6 of the Dungeon.
You worshipped Yredelemnul.
Yredelemnul was pleased with you.
You were hungry.

You visited 1 branch of the dungeon, and saw 6 of its levels.

You collected 383 gold pieces.

#### #............
#..........#>
#<.........##
#########..........##
..............)......
######...#.......##.
###Z...........##
..######MZZ.#.........#.
#......@.#{.#...........
###...####.##...........
#... #.##........<.. #..
#.###.......... #.
#.###.......... #
#.##...........
..##.#......... {
##...#.........
..####......))

Notes
Turn   | Place    | Note
--------------------------------------------------------------
     0 | D:1      | ololoev the Formicid Skald began the quest for the Orb.
     0 | D:1      | Reached XP level 1. HP: 16/16 MP: 3/3
   330 | D:1      | Reached XP level 2. HP: 16/22 MP: 5/5
   705 | D:1      | Learned a level 2 spell: Song of Slaying
   709 | D:1      | Reached XP level 3. HP: 27/27 MP: 1/6
   794 | D:2      | Noticed Sigmund
   815 | D:2      | Killed Sigmund
   815 | D:2      | Reached skill level 4 in Maces & Flails
   815 | D:2      | Reached XP level 4. HP: 18/33 MP: 2/7
   815 | D:2      | Reached XP level 5. HP: 20/38 MP: 2/8
   815 | D:2      | Reached XP level 6. HP: 23/44 MP: 2/9
   989 | D:2      | Found an opulent altar of Gozag.
  1200 | D:2      | Reached skill level 5 in Maces & Flails
  1474 | D:2      | Found a basalt altar of Yredelemnul.
  1482 | D:2      | Became a worshipper of Yredelemnul the Dark
  2064 | D:2      | Noticed Ijyb
  2074 | D:2      | Killed Ijyb
  2442 | D:2      | Noticed Jessica
  2445 | D:2      | Killed Jessica
  2703 | D:2      | Found an iron altar of Okawaru.
  2835 | D:2      | Reached skill level 1 in Shields
  3233 | D:3      | Found an ancient bone altar of Kikubaaqudgha.
  3273 | D:3      | Learned a level 1 spell: Apportation
  3277 | D:3      | Learned a level 3 spell: Spectral Weapon
  3348 | D:3      | Acquired Yredelemnul's first power
  3480 | D:3      | Reached XP level 7. HP: 39/50 MP: 10/10
  3641 | D:3      | Reached skill level 1 in Invocations
  4075 | D:4      | Reached skill level 6 in Maces & Flails
  5168 | D:4      | Acquired Yredelemnul's second power
  5168 | D:4      | Reached XP level 8. HP: 21/56 MP: 11/11
  5421 | D:4      | Noticed Robin
  5454 | D:4      | Killed Robin
  6001 | D:5      | Entered Level 5 of the Dungeon
  6170 | D:5      | Reached skill level 5 in Armour
  6197 | D:5      | Noticed Pikel
  6299 | D:5      | Killed Pikel
  6299 | D:5      | Reached skill level 7 in Maces & Flails
  6299 | D:5      | Reached XP level 9. HP: 15/61 MP: 12/12
  6709 | D:5      | Found a burning altar of Makhleb.
  7062 | D:5      | Found a staircase to the Ecumenical Temple.
  7170 | D:6      | Noticed Eustachio
  7205 | D:6      | Killed Eustachio
  7205 | D:6      | Reached skill level 8 in Maces & Flails
  7332 | D:6      | Reached skill level 5 in Shields
  7402 | D:6      | Reached skill level 5 in Invocations
  7589 | D:6      | Noticed Menkaure
  7604 | D:6      | HP: 1/61 [Menkaure (11)]
  7605 | D:6      | Slain by Menkaure

Dungeon Overview and Level Annotations

Branches:
Dungeon (6/15)             Temple (0/1) D:5

Altars:
Gozag
Kikubaaqudgha
Makhleb
Okawaru
Yredelemnul

Annotations:
D:6 Menkaure


Message History

No target in view!
No target in view!
No target in view!
No target in view!
There is a stone staircase leading up here.
Menkaure, Prince of Dust comes into view.
Menkaure shouts!
You start waiting.
You sense a monster nearby.
You swap places.
Menkaure calls on the powers of darkness!
Your body is wracked with pain!
You barely miss Menkaure. Menkaure hits you but does no damage.
Menkaure barely misses you.
Your jackal zombie closely misses Menkaure.
You hit Menkaure.
Menkaure is moderately damaged.
Your jackal zombie bites Menkaure but does no damage.
Menkaure hits you.
You sock Menkaure!
Menkaure is severely damaged.
Your jackal zombie barely misses Menkaure.
Menkaure gestures wildly while chanting.
Menkaure seems to speed up.
Your jackal zombie bites Menkaure.
You hit Menkaure.
Menkaure is almost destroyed.
Menkaure murmurs in an indecipherable tongue.
Menkaure hits you!
Your jackal zombie bites Menkaure but does no damage.
You barely miss Menkaure.
Menkaure is almost destroyed.
Menkaure hits you.
Your jackal zombie bites Menkaure but does no damage.
Menkaure hits you!
You hit Menkaure.
Menkaure is almost destroyed.
Your jackal zombie barely misses Menkaure.
Menkaure hits you.
You die...
Your body rises from the dead as a mindless zombie.

You could see Menkaure, 2 friendly jackal zombies and a friendly necrophage skeleton.

Vanquished Creatures
  Pikel (D:5)
  Sigmund (D:2)
  Eustachio (D:6)
  3 ogres
  2 slaves (D:5)
  A phantom (D:4)
  A necrophage (D:6)
  A scorpion (D:6)
  3 wights (D:6)
  3 orc wizards (D:6)
  A crimson imp (D:5)
  A hound (D:5)
  Ijyb (D:2)
  Jessica (D:2)
  A centaur skeleton (D:4)
  3 worker ants (D:4)
  A hound skeleton (D:4)
  Robin (D:4)
  7 gnolls
  12 adders
  3 shadow imps
  An ooze (D:2)
  An adder skeleton (D:3)
  2 worms (D:2)
  7 giant geckos
  3 orcs
  15 bats
  3 bat zombies (D:3)
  5 giant cockroaches
  28 goblins
  17 hobgoblins
  3 giant newts
  6 jackals
  17 kobolds
  A quokka zombie (D:6)
  9 rats
  A spectral orc (D:2)
168 creatures vanquished.

Vanquished Creatures (collateral kills)
  An ogre (D:4)
  A wight (D:6)
  A hound (D:4)
  2 worker ants
  3 gnolls (D:3)
  An adder (D:4)
  A goblin (D:4)
  A hobgoblin (D:4)
  A jackal (D:6)
  A rat (D:4)
13 creatures vanquished.

Vanquished Creatures (others)
  A worker ant zombie (D:5)
  2 adder zombies
  A bat skeleton (D:4)
  A bat zombie (D:4)
  3 gnoll zombies (D:3)
  2 giant gecko zombies
  4 goblin zombies
  2 jackal zombies (D:6)
  A kobold zombie (D:3)
  A rat zombie (D:3)
18 creatures vanquished.

Grand Total: 199 creatures vanquished

Action                   |  1- 3 |  4- 6 |  7- 9 || total
-------------------------+-------+-------+-------++-------
Melee: Mace              |    53 |       |       ||    53
       Flail             |    32 |   223 |   379 ||   634
       Whip              |       |       |    53 ||    53
 Fire: Blowgun           |       |       |    21 ||    21
 Cast: Infusion          |     3 |     5 |       ||     8
       Song of Slaying   |     1 |     2 |       ||     3
Invok: Animate Remains   |       |     4 |    40 ||    44
       Injury Mirror     |       |       |     1 ||     1
 Abil: Dig               |       |     2 |       ||     2
  Use: Scroll            |       |       |    12 ||    12
       Potion            |       |       |     1 ||     1
 Stab: Distracted        |       |       |     4 ||     4
  Eat: Chunk             |       |    10 |     6 ||    16
       Meat ration       |       |       |     2 ||     2

Vault maps used:
D:1:      dpeg_arrival_concentric_ovals
D:2:      yredelemnul_forgotten_temple_becter, nicolae_gozag_seed_capital,
          okawaru_altar_gauntlet_db, uniq_jessica, uniq_sigmund, uniq_iyjb
D:3:      lemuel_zombie_altar_kikubaaqudgha, first_bread
D:4:      uniq_robin
D:5:      minmay_temple_entry_enclosed_plants, makhleb_heckhound_becter,
          uniq_pikel
D:6:      serial_shops, shop, uniq_eustachio, uniq_menkaure
